 Dungeon Crawl Stone Soup version 0.18.1-50-g88ac8fd (webtiles) character file.

67 Ilten the Charlatan (level 3, -3/27 HPs)
             Began as a Demonspawn Artificer on Apr 3, 2017.
             Slain by Sigmund
             ... wielding a +2 scythe of slicing
              (6 damage)
             ... on level 2 of the Dungeon.
             The game lasted 00:20:08 (2365 turns).

Ilten the Charlatan (Demonspawn Artificer)          Turns: 2365, Time: 00:20:08

Health: -3/27      AC:  8    Str: 11    XL:     3   Next: 98%
Magic:  5/5        EV: 11    Int: 14    God:
Gold:   59         SH:  0    Dex: 13    Spells: 0 memorised, 2 levels left

rFire  . . .     SeeInvis .     m - +0 mace
rCold  . . .     Gourm    .     n - +0 ring mail
rNeg   . . .     Faith    .     (no shield)
rPois  .         Spirit   .     t - +1 helmet
rElec  .         Dismiss  .     (no cloak)
rCorr  +         Reflect  .     (no gloves)
SustAt .         Harm     .     o - +0 pair of boots
MR     .....                    (no amulet)
Stlth  +.........               (no ring)
                                k - ring of resist corrosion

@: very slightly contaminated, not resistant to hostile enchantments, very
unstealthy
A: powered by pain 1
a: no special abilities


You were on level 2 of the Dungeon.
You were not hungry.

You visited 1 branch of the dungeon, and saw 2 of its levels.

You collected 59 gold pieces.

Inventory:

Hand Weapons
 a - a +0 short sword
 m - a +0 mace (weapon)
Armour
 b - a +0 leather armour
 g - a +0 scale mail
 n - a +0 ring mail (worn)
 o - a +0 pair of boots (worn)
 t - a +1 helmet (worn)
Jewellery
 k - a ring of resist corrosion (left hand)
Wands
 c - a wand of flame (8/48)
 d - a wand of enslavement (13/24)
 e - a wand of random effects (9/48)
Scrolls
 i - 2 scrolls of blinking
 p - 2 scrolls of identify
Potions
 h - a potion of curing
 q - a potion of might {unknown}
 s - a potion of brilliance {unknown}
Comestibles
 f - 2 bread rations
 j - a beef jerky
 l - a meat ration


   Skills:
 * Level 1.7 Fighting
 + Level 0.8 Short Blades
 + Level 0.1 Maces & Flails
 + Level 1.0 Armour
 + Level 2.4 Dodging
 - Level 0.8 Stealth
 * Level 3.9 Evocations


You had 2 spell levels left.
You didn't know any spells.

Dungeon Overview and Level Annotations

Branches:
Dungeon (2/15)

Altars:
Elyvilon
Okawaru
Ru
Trog

Annotations:
D:2 Sigmund


Innate Abilities, Weirdness & Mutations

You sometimes gain a little power by taking damage.


Message History

Zapping:
e - a wand of random effects (10/48)
Press: ? - help, Shift-Dir - straight line, f/p - Sigmund
Aim: Sigmund, wielding a scythe of slicing and wearing a robe (severely wounded) Nothing appears to happen.
This wand has 9 charges left.
You bump into the rock wall.
Sigmund barely misses you.
You feel less confused. Sigmund barely misses you. Sigmund barely misses you.
Sigmund points at you and mumbles some strange words.
You are confused.
Sigmund says, "You will soon forget everything."
You bump into the rock wall.
Sigmund hits you from afar with a scythe of slicing.
* * * LOW HITPOINT WARNING * * *
x2 You bump into the rock wall.
You're too confused!
You're too confused!
You feel less confused.
Sigmund hits you with a scythe of slicing.
You die...

#.. .######## #.#.#.####.##
#..#
#.......####.......####.
..###.# #.##.......#.###.8
#.#.#######.##.###.#....##..
#.......................#.8
#)########.#.##.#.#.....##.
.##.# #.# #.#.##.#........##
.##!# #.# #.#...............
.##.# #.# #@#..#.####.....##
.##.# #.#### #@#..#.#
##.#.##. .##.#
#....#####.#..#.## #.#.#.8
.##.####................
..#.#..
.##......#.###...#..#...
.....#.8
...........=....##..###
#.....##.
{#######.#.#.#..##..#
#.###..## .#
#.#......##..#####. ... .#
#.#.#.##.##........ ###


You could see Sigmund.

Vanquished Creatures
  2 adders (D:2)
  An ooze (D:1)
  3 dart slugs (D:1)
  2 giant cockroaches
  6 goblins
  5 hobgoblins
  2 jackals (D:1)
  A quokka (D:2)
  6 bats
  2 giant newts
  6 kobolds
  3 rats
39 creatures vanquished.

Vanquished Creatures (others)
  A jackal (D:1)
1 creature vanquished.

Grand Total: 40 creatures vanquished

Notes
Turn   | Place    | Note
--------------------------------------------------------------
     0 | D:1      | Ilten the Demonspawn Artificer began the quest for the Orb.
     0 | D:1      | Reached XP level 1. HP: 15/15 MP: 3/3
   354 | D:1      | Gained mutation: You sometimes gain a little power by taking damage. [demonic ancestry]
   354 | D:1      | Reached XP level 2. HP: 20/21 MP: 4/4
  1330 | D:1      | Reached XP level 3. HP: 15/26 MP: 5/5
  1809 | D:2      | Found an iron altar of Okawaru.
  1830 | D:2      | Found a white marble altar of Elyvilon.
  1839 | D:2      | Found a bloodstained altar of Trog.
  1844 | D:2      | Found a sacrificial altar of Ru.
  2089 | D:2      | Reached skill level 1 in Armour
  2254 | D:2      | Noticed Sigmund
  2365 | D:2      | Slain by Sigmund

Skill      XL: |  1  2  3 |
---------------+----------+-----
Dodging        | 2 |  2.4
Armour         | 1 |  1.0
Fighting       | |  1.7
Short Blades   | |  0.8
Maces & Flails | |  0.1
Stealth        | |  0.8
Evocations     | |  3.9

Action                   || total
-------------------------++-------
Melee: Short sword       ||    93
       Mace              ||    68
Evoke: Wand              ||    15
  Use: Scroll            ||     7
       Potion            ||     3
  Eat: Chunk             ||     1
       Bread ration      ||     1
Armor: Leather armour    ||    28
       Ring mail         ||    29
       Scale mail        ||     2
Dodge: Dodged            ||   121
